AoeStats
← Lakrini

African Clearing

505311517Analyzed
2v2 RM · 23d ago on Sep 8, 2026· 42m 19s· 4 players
Game mode
Random Map
Map size
Medium (4 player)
Population
200
Speed
Normal
Resources
Standard
Victory
Conquest
Starting age
Dark Age
Ending age
Imperial Age
RankedLock teamsTeams togetherTeam positionsShared explorationLock speedFull tech treeHidden civsTurbo modeCheats
Victory
Defeat
🇧🇪 Goths · Belgium
1352
+15
🇧🇪 Vietnamese · Belgium
1349
+15
🇺🇸 Chinese · United States
1339
-15
🇨🇴 Mongols · Colombia
1337
-15
Lakrini
4:04 Loom
13:48 Feudal Age
18:16 Castle Age
16:04 Man-at-Arms
18:47 Scale Mail Armor
22:09 Chain Mail Armor
21:23 Long Swordsman
24:30 Squires
25:46 Fletching
26:09 Padded Archer Armor
28:31 Crossbowman
31:20 Bodkin Arrow
31:48 Double-Bit Axe
35:41 Horse Collar
39:04 Gold Mining
39:54 Leather Archer Armor
41:39 Ballistics
AmB
3:12 Loom
8:19 Loom
12:55 Feudal Age
13:26 Double-Bit Axe
28:16 Fletching
31:08 Wheelbarrow
38:03 Castle Age
37:49 Stone Mining
38:14 Crossbowman
Throbert
8:12 Loom
12:44 Feudal Age
13:45 Double-Bit Axe
14:23 Scale Mail Armor
14:07 Man-at-Arms
16:23 Forging
25:02 Gold Mining
34:11 Castle Age
35:31 Chain Mail Armor
35:16 Long Swordsman
36:00 Squires
37:42 Iron Casting
Cowpolice
10:18 Loom
12:52 Feudal Age
13:34 Double-Bit Axe
18:10 Forging
20:38 Scale Barding Armor
27:05 Stone Mining
30:03 Castle Age
31:28 Bloodlines
31:19 Husbandry
32:11 Chain Barding Armor
Connection lost

Rejoining the realm…

Still unreachable

The connection could not be restored.

Session expired

The server has moved on; the page needs a fresh start.